 Dungeon Crawl Stone Soup version 0.17-a0-2064-g265a032 (webtiles) character file.

33306 inmateoo the Grappler (level 13, -4/115 HPs)
             Began as a Troll Monk on Oct 13, 2015.
             Was the Champion of Makhleb.
             Slain by a 12-headed hydra (15 damage)
             ... on level 3 of the Lair of Beasts.
             The game lasted 00:34:19 (11845 turns).

inmateoo the Grappler (Troll Monk)                 Turns: 11845, Time: 00:34:20

Health: -4/115     AC: 12    Str: 23    XL:     13   Next: 36%
Magic:  16/16      EV: 17    Int:  5    God:    Makhleb [******]
Gold:   544        SH:  0    Dex: 14    Spells: 2 memorised, 12 levels left

rFire  . . .     SeeInvis .       - Unarmed
rCold  . . .     Clarity  .     I - +2 robe {Archmagi}
rNeg   . . .     SustAt   .     (no shield)
rPois  .         Gourm    +     H - +2 hat {MR+}
rElec  .         Spirit   .     L - +2 cloak {MR+}
rCorr  .         Warding  .     (gloves unavailable)
rMut   .         Stasis   .     (boots unavailable)
MR     +++..                    D - amulet of regeneration
Stlth  ++........               h - +3 ring of evasion
                                c - +1 ring of slaying

@: extremely resistant to hostile enchantments, unstealthy
A: unfitting armour, claws 3, fast metabolism 3, frail 1, gourmand, magic
resistance 1, mutation resistance 1, regeneration 3, shaggy fur 1, tough skin 2,
weak 1
a: Minor Destruction, Lesser Servant of Makhleb, Major Destruction, Greater
Servant of Makhleb, Renounce Religion


You were on level 3 of the Lair of Beasts.
You worshipped Makhleb.
Makhleb was exalted by your worship.
You were full.

You visited 3 branches of the dungeon, and saw 17 of its levels.
You visited the Abyss 1 time.

You collected 783 gold pieces.
You spent 239 gold pieces at shops.

Inventory:

Missiles
 n - a throwing net
 A - 8 large rocks (quivered)
Armour
 x - a +0 troll leather armour
 H - a +2 hat of magic resistance (worn)
 I - a +2 robe of the Archmagi (worn)
 L - a +2 cloak of magic resistance (worn)
Jewellery
 c - a +1 ring of slaying (left claw)
 h - a +3 ring of evasion (right claw)
 D - an amulet of regeneration (around neck)
 K - an uncursed amulet of rage
 U - an uncursed ring of wizardry
Wands
 a - a wand of draining (8)
 l - a wand of flame (25)
 r - a wand of fire (7)
 y - a wand of magic darts (19)
 G - a wand of fire (15)
 O - a wand of lightning (9)
 P - a wand of digging (11)
 Q - a wand of fire (7)
 R - a wand of disintegration (3)
 T - a wand of draining (9)
 W - a wand of frost (33)
 X - a wand of frost (18)
Scrolls
 d - 6 scrolls of remove curse
 m - 3 scrolls of fear
 o - 11 scrolls of teleportation
 C - 2 scrolls of fog
 J - a scroll of magic mapping
 Y - a scroll of recharging
Potions
 e - 5 potions of flight
 f - 2 potions of haste
 j - 3 potions of resistance
 s - 2 potions of lignification
 t - 5 potions of curing
 v - 2 potions of magic
 B - 3 potions of heal wounds
 F - 2 potions of might
 M - 2 potions of brilliance
 N - 2 potions of agility
 V - a potion of poison {unknown}
Books
 u - a book of Enchantments

   Spells                             Type                      Level
   a - Cause Fear                     Hexes                        4
   b - Silence                        Hexes/Air                    5
   c - Deflect Missiles               Charms/Air                   6
   d - Haste                          Charms                       6
   e - Discord                        Hexes                        8
 w - a book of Geomancy

   Spells                             Type                      Level
   a - Sandblast                      Earth                        1
   b - Stoneskin                      Transmutation/Earth          2
   c - Passwall                       Transmutation/Earth          3
   d - Stone Arrow                    Conjuration/Earth            3
   e - Petrify                        Transmutation/Earth          4
   f - Lee's Rapid Deconstruction     Earth                        5
 S - a book of Conjurations

   Spells                             Type                      Level
   a - Magic Dart                     Conjuration                  1
   b - Searing Ray                    Conjuration                  2
   c - Dazzling Spray                 Conjuration/Hexes            3
   d - Fulminant Prism                Conjuration/Hexes            4
   e - Iskenderun's Mystic Blast      Conjuration                  4
   f - Iskenderun's Battlesphere      Conjuration/Charms           5
Miscellaneous
 q - an ornate deck of wonders {drawn: 2}
 z - an ornate deck of summoning {drawn: 3}
Comestibles
 b - 12 bread rations
 g - 5 meat rations
 i - 3 slices of pizza
 k - 3 beef jerkies
 p - 45 fruits
 E - a royal jelly


   Skills:
 + Level 8.4 Fighting
 + Level 8.8 Throwing
 + Level 8.6 Dodging
 - Level 1.1 Stealth
 * Level 13.9 Unarmed Combat
 + Level 3.2 Spellcasting
 + Level 4.2 Earth Magic
 + Level 4.3 Invocations


You had 12 spell levels left.
You knew the following spells:

 Your Spells              Type           Power        Failure   Level  Hunger
a - Stoneskin             Trmt/Erth      #.......     30%         2    ###....
b - Petrify               Trmt/Erth      #.......     99%         4    #####..


Dungeon Overview and Level Annotations

Branches:
Dungeon (13/15)            Temple (1/1) D:7            Lair (3/8) D:9
    Orc (0/4) D:9
  Swamp: Lair:3-6    Shoals: Lair:3-6     Snake: Lair:3-6    Spider: Lair:3-6
 Vaults: D:13-14

Altars:
Ashenzari
Cheibriados
Dithmenos
Fedhas
Gozag
Kikubaaqudgha
Makhleb
Nemelex Xobeh
Okawaru
Qazlal
Ru
Sif Muna
Trog
Vehumet
Yredelemnul
The Shining One

Shops:
D:8 ?[!   D:11 =

Annotations:
D:5 1 runed door


Innate Abilities, Weirdness & Mutations

You are too large for most types of armour.
You have claws for hands.
Your metabolism is lightning-fast.
You like to eat raw meat.
You regenerate.
You are covered in fur (AC +1).
You have very tough skin (AC +2).
You are frail (-10% HP).
You are resistant to hostile enchantments.
You are somewhat resistant to further mutation.
You are weak. (Str -2)


Message History

The 12-headed hydra is almost dead.
Your water elemental disappears in a puff of smoke!
The crocodile misses you. The 12-headed hydra closely misses you.
The 12-headed hydra closely misses you. The 12-headed hydra bites you!
* * * LOW HITPOINT WARNING * * *
The 12-headed hydra bites you but does no damage. x2
The 12-headed hydra bites you.
* * * LOW HITPOINT WARNING * * *
The 12-headed hydra misses you.
The 12-headed hydra bites you but does no damage.
The 12-headed hydra barely misses you.
The 12-headed hydra completely misses you.
The 12-headed hydra misses you. The 12-headed hydra barely misses you.
Read which item? (? for menu, Esc to quit)
As you read the scroll of fear, it crumbles to dust.
You assume a fearsome visage.
The 12-headed hydra resists with some effort.
The iguana looks frightened!
The crocodile looks frightened!
The crocodile looks frightened!
The 12-headed hydra bites you!
You die...

.... .. .....# ....#
#.####.....#
.....##.#.P?.....P
.........≈≈.......
.>.........≈l≈......
..........≈≈≈.....>
...#.#t#§#..#....#
###..####D#.##.....#
#....##.@.t..#......
#...#.......#.....#
##..P...(t..+ ....#
#.................
##..........##. ..
#P..##......## .
#..##...#######..#
#...##..#.#..#....
..................


You could see a 12-headed hydra, 2 crocodiles and an iguana (fleeing).

Vanquished Creatures
  Erica (D:8)
  2 centaur warriors (D:13)
  Sonja (Lair:1)
  Nergalle (Lair:1)
  5 skeletal warriors (D:12)
  2 hill giants (D:12)
  A cyclops (D:11)
  A manticore (D:13)
  5 ugly things
  2 black mambas (Lair:2)
  3 slime creatures (D:12)
  A salamander (Lair:1)
  A guardian serpent (D:13)
  A molten gargoyle (Lair:1)
  A gargoyle (D:11)
  7 spiny frogs
  A yaktaur (shapeshifter) (D:13)
  2 fire drakes (Lair:2)
  3 komodo dragons
  5 trolls
  Grinder (D:6)
  2 two-headed ogres
  4 blink frogs (Lair:2)
  3 wyverns
  Sigmund (D:6)
  A spriggan (D:8)
  6 hippogriffs
  A deep elf mage (D:12)
  2 vampire mosquitoes (D:13)
  2 hungry ghosts
  2 steam dragons
  29 yaks
  2 wargs (D:9)
  A trapdoor spider (D:11)
  3 porcupines (Lair:1)
  7 water moccasins
  A black bear (D:8)
  4 ogres
  An ice beast (D:13)
  5 orc warriors
  4 phantoms
  A necrophage (D:12)
  3 centaurs
  4 sky beasts
  5 crocodiles
  2 big kobolds
  8 giant frogs
  A gnoll sergeant (D:12)
  A wyvern skeleton (D:9)
  17 wights
  The ghost of asdu the Skirmisher, a weakling HOWn (D:3)
  3 scorpions
  A killer bee (D:5)
  A quasit (D:11)
  3 crimson imps
  2 lava snakes (Lair:1)
  4 jellies
  2 centaur zombies (D:10)
  5 orc priests
  Crazy Yiuf (D:6)
  Ijyb (D:3)
  3 centaur skeletons
  7 hounds
  A giant frog skeleton (D:13)
  12 orc wizards
  13 worker ants
  5 iguanas
  A hound zombie (D:11)
  A hound skeleton (D:11)
  5 gnolls (D:12)
  12 river rats
  3 shadow imps
  14 adders
  3 oozes
  An adder zombie (D:7)
  An adder skeleton (D:4)
  4 worms
  5 giant geckos
  42 orcs
  6 bats
  8 giant cockroaches
  4 goblins
  6 hobgoblins
  16 kobolds
  7 quokkas
  A ball python (D:2)
  A ball python zombie (D:6)
  5 giant newts
  6 jackals
  A quokka zombie (D:7)
  6 rats
  A butterfly (D:5)
395 creatures vanquished.

Vanquished Creatures (collateral kills)
  A hill giant (D:13)
  A troll (D:13)
2 creatures vanquished.

Vanquished Creatures (others)
  A sky beast (D:12)
  A fungus (Lair:1)
  A plant (D:9)
3 creatures vanquished.

Grand Total: 400 creatures vanquished

Notes
Turn   | Place    | Note
--------------------------------------------------------------
     0 | D:1      | inmateoo the Troll Monk began the quest for the Orb.
     0 | D:1      | Reached XP level 1. HP: 22/22 MP: 0/0
   234 | D:1      | Reached XP level 2. HP: 29/29 MP: 1/1
   794 | D:2      | Reached XP level 3. HP: 36/36 MP: 2/2
   795 | D:2      | Reached skill level 1 in Throwing
   828 | D:2      | Found a blossoming altar of Fedhas.
  1398 | D:2      | Reached XP level 4. HP: 37/44 MP: 3/3
  1573 | D:3      | Noticed asdu's ghost (weakling HOWn)
  1600 | D:3      | Killed asdu's ghost
  1600 | D:3      | Reached skill level 5 in Unarmed Combat
  1669 | D:3      | Reached XP level 5. HP: 52/52 MP: 4/4
  1752 | D:3      | Noticed Ijyb
  1771 | D:3      | Killed Ijyb
  2127 | D:4      | Noticed a phantom
  2160 | D:4      | Killed a phantom
  2160 | D:4      | Reached XP level 6. HP: 46/61 MP: 5/5
  2224 | D:4      | Reached skill level 6 in Unarmed Combat
  2532 | D:4      | Reached XP level 7. HP: 67/67 MP: 6/6
  2634 | D:5      | Entered Level 5 of the Dungeon
  2930 | D:5      | Found a runed door.
  2942 | D:5      | Found a runed door.
  3115 | D:5      | Reached skill level 7 in Unarmed Combat
  3222 | D:6      | Found a deep blue altar of Sif Muna.
  3288 | D:6      | Reached XP level 8. HP: 74/78 MP: 7/7
  3432 | D:6      | Gained mutation: Your spells are a little harder to cast, but a little more powerful. [potion of mutation]
  3432 | D:6      | Gained mutation: You have a somewhat thin skeletal structure (Dex +2, Stealth). [potion of mutation]
  3432 | D:6      | Gained mutation: You expend magic power (3 MP) to strengthen your wands. [potion of mutation]
  3441 | D:6      | Noticed Sigmund
  3444 | D:6      | Killed Sigmund
  3460 | D:6      | Noticed Grinder
  3461 | D:6      | Paralysed by Grinder for 3 turns
  3465 | D:6      | Paralysed by Grinder for 3 turns
  3471 | D:6      | Killed Grinder
  3471 | D:6      | Reached skill level 8 in Unarmed Combat
  3637 | D:6      | Noticed Crazy Yiuf
  3641 | D:6      | Cast into the Abyss (Crazy Yiuf)
  3645 | Abyss:1  | Found a corrupted altar of Lugonu.
  3651 | D:6      | Escaped the Abyss
  3652 | D:6      | Killed Crazy Yiuf
  4119 | D:7      | Reached XP level 9. HP: 75/87 MP: 8/8
  4206 | D:7      | Found a staircase to the Ecumenical Temple.
  4327 | D:7      | Reached skill level 5 in Fighting
  4434 | D:8      | Found Muom's Antique Armour Shoppe.
  4434 | D:8      | Noticed a red ugly thing
  4444 | D:8      | Killed a red ugly thing
  4444 | D:8      | Reached skill level 5 in Dodging
  4444 | D:8      | Reached skill level 9 in Unarmed Combat
  4474 | D:8      | Bought an embroidered cloak for 135 gold pieces
  4524 | D:8      | Found an ancient bone altar of Kikubaaqudgha.
  4542 | D:8      | Reached skill level 5 in Throwing
  4683 | D:8      | Gained mutation: You are frail (-10% HP). [mutagenic meat]
  4689 | D:8      | Gained mutation: You are weak. (Str -2) [mutagenic meat]
  4690 | D:8      | Lost mutation: You have a somewhat thin skeletal structure (Dex +2, Stealth). [mutagenic meat]
  4692 | D:8      | Gained mutation: You can translocate small distances at will. [mutagenic meat]
  4716 | D:8      | Found Pewimicw's Distillery.
  4721 | D:8      | Bought a potion of heal wounds for 65 gold pieces
  4721 | D:8      | Bought a potion of curing for 39 gold pieces
  4815 | D:8      | Noticed Erica
  4824 | D:8      | Killed Erica
  4824 | D:8      | Reached skill level 10 in Unarmed Combat
  4968 | D:8      | Reached XP level 10. HP: 88/88 MP: 9/9
  5538 | D:8      | Found Letsu's Magic Scroll Emporium.
  5706 | Temple   | Entered the Ecumenical Temple
  5712 | Temple   | Became a worshipper of Makhleb the Destroyer
  5712 | Temple   | Reached * piety under Makhleb
  5712 | Temple   | Reached ** piety under Makhleb
  5798 | D:9      | Found a shadowy altar of Dithmenos.
  6055 | D:9      | Reached skill level 11 in Unarmed Combat
  6261 | D:9      | Identified a scroll of acquirement
  6487 | D:9      | Found a staircase to the Orcish Mines.
  6546 | D:9      | Reached *** piety under Makhleb
  6559 | D:9      | Found a staircase to the Lair.
  6751 | D:10     | Entered Level 10 of the Dungeon
  6789 | D:10     | Reached XP level 11. HP: 86/96 MP: 10/10
  7042 | D:10     | Reached **** piety under Makhleb
  7348 | D:11     | You fall through a shaft for 2 floors!
  7359 | D:13     | Reached skill level 12 in Unarmed Combat
  7388 | D:13     | Gained mutation: You are somewhat resistant to further mutation. [potion of mutation]
  7577 | D:13     | Gained mutation: You are resistant to hostile enchantments. [mutagenic meat]
  7721 | D:12     | Learned a level 2 spell: Stoneskin
  7726 | D:12     | Learned a level 4 spell: Petrify
  8005 | D:11     | Reached skill level 1 in Invocations
  8030 | D:11     | Reached skill level 1 in Earth Magic
  8081 | D:11     | Reached skill level 1 in Spellcasting
  8382 | D:11     | Found Dixadonomp's Jewellery Shop.
  8383 | D:11     | Found a sparkling altar of Nemelex Xobeh.
  8460 | D:11     | Reached ***** piety under Makhleb
  8742 | D:12     | Noticed a skeletal warrior
  8742 | D:12     | Noticed a skeletal warrior
  8742 | D:12     | Noticed a skeletal warrior
  8744 | D:12     | Noticed a skeletal warrior
  8745 | D:12     | Noticed a skeletal warrior
  8919 | D:12     | Killed a skeletal warrior
  8919 | D:12     | Reached XP level 12. HP: 80/106 MP: 13/13
  8933 | D:12     | Killed a skeletal warrior
  8942 | D:12     | Killed a skeletal warrior
  8946 | D:12     | Killed a skeletal warrior
  8953 | D:12     | Killed a skeletal warrior
  9193 | D:12     | Noticed a hill giant
  9229 | D:12     | Killed a hill giant
  9251 | D:12     | Reached skill level 13 in Unarmed Combat
  9410 | D:13     | Found Rereryteo's Armour Shop.
  9637 | D:13     | Gained mutation: You regenerate. [mutagenic meat]
  9640 | D:13     | Lost mutation: Your spells are a little harder to cast, but a little more powerful. [mutagenic meat]
  9645 | D:13     | Noticed a centaur warrior
  9646 | D:13     | Noticed a centaur warrior
  9660 | D:13     | Killed a centaur warrior
  9683 | D:13     | Killed a centaur warrior
  9891 | D:13     | Noticed a hill giant
  9892 | D:13     | Lost mutation: You can translocate small distances at will. [helix card]
  9902 | D:13     | Killed a hill giant
  9946 | D:13     | Lost mutation: You expend magic power (3 MP) to strengthen your wands. [helix card]
  9957 | D:13     | Drew Focus: Str increased to 25, Int decreased to 5
 10066 | D:10     | Noticed a hill giant
 10107 | Lair:1   | Entered Level 1 of the Lair of Beasts
 10274 | Lair:1   | Noticed Nergalle
 10288 | Lair:1   | Killed Nergalle
 10397 | Lair:1   | Noticed Sonja
 10440 | Lair:1   | Reached XP level 13. HP: 55/114 MP: 16/16
 10610 | Lair:1   | Killed Sonja
 11093 | Lair:2   | Reached ****** piety under Makhleb
 11845 | Lair:3   | Slain by a 12-headed hydra

Vault maps used:
D:1:      lightli_arrival_statuegarden
D:2:      fedhas_altar_fruit_tree
D:3:      dk_vineyard_1, uniq_iyjb
D:4:      first_bread
D:5:      lemuel_insect_pit, dk_noncrumbling_3
D:6:      basic_altar, uniq_grinder, uniq_crazy_yiuf_cottage, uniq_sigmund
D:7:      minmay_temple_entry_poolview
D:8:      kennysheep_mini, serial_shops, kennysheep_mini_moat,
          nicolae_shop_stone, nicolae_shop_trees, the_bakery, uniq_erica
D:9:      kennysheep_little_box, erik_lair_orcish_takeover, orc_0_dummy
D:11:     basic_altar, serial_shops, shop
D:12:     hangedman_abyss_or_decor_slice
D:13:     serial_shops, shop_coins, nrook_guardian_serpent_ordinary
Temple:   nicolae_temple_x_marks_the_god_16
Lair:1:   lemuel_fruit_tree, uniq_sonja, uniq_nergalle
Lair:2:   beast_lair_carwin_11

Action                   |  1- 3 |  4- 6 |  7- 9 | 10-12 | 13-15 || total
-------------------------+-------+-------+-------+-------+-------++-------
Melee: Unarmed           |    82 |   153 |   224 |   799 |   187 ||  1445
Throw: Throwing net      |       |     1 |       |       |       ||     1
       Large rock        |       |       |       |       |     4 ||     4
 Cast: Stoneskin         |       |       |       |     1 |     1 ||     2
Invok: Lesser Servant of |       |       |       |     1 |     1 ||     2
 Abil: Evoke Berserk Rag |       |       |     1 |     1 |       ||     2
Evoke: Deck              |       |       |       |    16 |     1 ||    17
  Use: Scroll            |       |       |     7 |    18 |     2 ||    27
       Potion            |       |       |     1 |     5 |       ||     6
 Stab: Sleeping          |     3 |     3 |     3 |     1 |       ||    10
       Held in net/web   |       |     1 |       |       |       ||     1
       Distracted        |       |       |     1 |     1 |     1 ||     3
       Invisible         |       |       |       |     2 |       ||     2
  Eat: Chunk             |    16 |    11 |    31 |    70 |    12 ||   140
